 Dungeon Crawl Stone Soup version 0.31-a0-331-geda263fcf1 (webtiles) character file.

Game seed: 18401575966948035577

141 drugrobin the Cudgeller (level 4, -8/37 HPs)
             Began as a Demigod Delver on July 19, 2023.
             Killed from afar by an orc wizard (10 damage)
             ... with a puff of flame
             ... on level 3 of the Dungeon.
             The game lasted 00:07:30 (3092 turns).

drugrobin the Cudgeller (Demigod Delver)            Turns: 3092, Time: 00:07:30

Health: -8/37      AC:  6    Str: 17    XL:     4   Next: 73%
Magic:  4/6        EV: 12    Int: 12    God:
Gold:   161        SH:  0    Dex: 15    Spells: 0/3 levels left

rFire   . . .        a - +0 mace
rCold   . . .        (no shield)
rNeg    . . .        b - +0 leather armour
rPois   .            w - +0 helmet
rElec   .            (no cloak)
rCorr   .            (no gloves)
SInv    .            v - +1 pair of boots
Will    .....        (no amulet)
Stlth   +            (no ring)
HPRegen 0.26/turn    (no ring)
MPRegen 0.10/turn

%: no passive effects
@: confused, very slightly contaminated
A: high MP 1, forlorn, divine attributes
a: no special abilities


You were on level 3 of the Dungeon.
You visited 1 branch of the dungeon, and saw 5 of its levels.

You collected 161 gold pieces.

Inventory:

Hand Weapons
 a - a +0 mace (weapon)
 u - a +0 whip
Armour
 b - a +0 leather armour (worn)
 h - a +0 plate armour
 v - a +1 pair of boots (worn)
 w - a +0 helmet (worn)
Talismans
 p - a storm talisman
 r - a beast talisman
Wands
 g - a wand of digging (3)
Scrolls
 c - 2 scrolls of fog
 d - a scroll of revelation
 k - a scroll of immolation {unknown}
 l - a scroll of enchant armour {unknown}
 m - 3 scrolls of identify {unknown}
 n - 2 scrolls of amnesia {unknown}
 o - 2 scrolls of teleportation {unknown}
Potions
 e - a potion of brilliance {unknown}
 f - a potion of haste
 i - a potion of enlightenment {unknown}
 j - a potion of ambrosia {unknown}
 q - a potion of lignification {unknown}
 s - a potion of curing {unknown}
 t - a potion of degeneration {unknown}


   Skills:
 - Level 2.6 Fighting
 * Level 4.8 Maces & Flails
 - Level 1.7 Dodging
 - Level 4.5 Stealth


You couldn't memorise any spells.
You knew the following spells:

 Your Spells              Type           Power      Damage    Failure   Level
a - Foxfire               Conj/Fire      0%         2x1d4     38%         1
b - Blink                 Tloc           0%         N/A       52%         2

Your spell library contained the following spells:

 Spells                   Type           Power      Damage    Failure   Level
 Magic Dart               Conj           0%         1d3       38%         1
 Call Imp                 Summ           0%         N/A       52%         2
 Lesser Beckoning         Tloc           0%         N/A       52%         2
 Momentum Strike          Conj/Tloc      0%         3d8       52%         2
 Mephitic Cloud           Conj/Pois/Air  0%         N/A       77%         3
 Plasma Beam              Fire/Air       0%         2x1d10    100%        6
 Starburst                Conj/Fire      0%         6d3       100%        6


Dungeon Overview and Level Annotations

Branches:
Dungeon (5/15)
 Temple: D:4-7

Annotations:
D:4 Eustachio


Innate Abilities, Weirdness & Mutations

You have an increased reservoir of magic. (+10% MP)
You shall have no god before yourself.
Your divine heritage dramatically boosts your attributes as you level up.


Message History

You hit the orc wizard but do no damage.
The orc wizard is lightly wounded.
The orc wizard closely misses you.
Unknown command.
Unknown command.
You hit the orc wizard.
The orc wizard is moderately wounded.
The orc wizard hits you with a +0 dagger.
* * * LOW HITPOINT WARNING * * *
The orc wizard hits you but does no damage.
Unknown command.
Unknown command.
You barely miss the orc wizard.
The orc wizard is moderately wounded.
The orc wizard hits you but does no damage.
Unknown command.
Unknown command.
You sock the orc wizard!
The orc wizard is severely wounded.
An endoplasm comes into view.
The orc wizard closely misses you.
Unknown command.
The endoplasm quivers.
You hit the orc wizard but do no damage.
The orc wizard is severely wounded.
The orc wizard points at you and mumbles some strange words.
You are confused.
Unknown command.
Unknown command.
You're too confused to move!
The orc wizard hits you with a +0 dagger.
* * * LOW HITPOINT WARNING * * *
Unknown command.
Unknown command.
Okay, then.
You hit the orc wizard but do no damage.
The orc wizard is severely wounded.
The orc wizard points at you and mumbles some strange words.
The puff of flame hits you!
You die...

##(#### #.##..## # #.##...#
#.# #.#######....... . ...#
#..........##..# #. #..#
#########..##o.# #
.##..#########......##..# ..
................)..##..# #.
#..###.<#.....[<...#..#
#..##..###@o#.##....)..#..#
#.....$รท............[.....#
#.###..######.#..#.##..#.##
#..# ##.#........#.##
#.###..#####...............
#.................#.##.#.##
#####..#####...#.###.#.#.#
#..o...o....## ##....#
#########....###...###


You could see an orc wizard.

Vanquished Creatures
  An orc wizard (D:3)
  Robin (D:3)
  4 adders
  A worm (D:2)
  A dart slug (D:2)
  6 orcs
  4 ball pythons
  3 endoplasms (D:2)
  A giant cockroach (D:2)
  8 hobgoblins
  7 bats
  A frilled lizard (D:2)
  13 goblins
  A kobold (D:2)
  6 rats
58 creatures vanquished.

Vanquished Creatures (others)
  18 foxfires (D:3)
18 creatures vanquished.

Grand Total: 76 creatures vanquished

Notes
Turn   | Place    | Note
-------+----------+-------------------------------------------
     0 | D:5      | drugrobin the Demigod Delver began the quest for the Orb.
     0 | D:5      | Reached XP level 1. HP: 18/18 MP: 3/3
   205 | D:5      | Noticed a hound
   252 | D:4      | Noticed Eustachio
   252 | D:4      | Noticed a hound
   252 | D:4      | Noticed an iguana
   252 | D:4      | Noticed an orc priest
   285 | D:3      | Noticed an orc wizard
  1169 | D:1      | Reached XP level 2. HP: 12/25 MP: 4/4
  1778 | D:2      | Reached XP level 3. HP: 21/30 MP: 5/5
  2309 | D:3      | Noticed Robin
  2460 | D:3      | Killed Robin
  2461 | D:3      | Reached XP level 4. HP: 30/35 MP: 6/6
  2521 | D:3      | Learned a level 1 spell: Foxfire
  2524 | D:3      | Learned a level 2 spell: Blink
  3092 | D:3      | Killed from afar by an orc wizard

Illustrated notes

Levels and vault maps discovered:
D:1:      lightli_arrival_flooded_house, layout_basic, nicolae_titane
D:2:      layout_loops_ring, minmay_misc_feat_columns, grunt_ministairs_1,
          minmay_tromino_v4_a
D:3:      layout_loops_ring, grunt_gozag_breadcrumbs, nzn_wu_jian_contemplation,
          marbit_many_paths, shapermc_ecumenical_altar_hornbeckon, uniq_robin
D:4:      minmay_clustersquares, layout_rooms, fiery_altar_vehumet,
          slow_altar_1, serial_shops, shop, uniq_eustachio
D:5:      layout_rooms, minmay_temple_entry_statues_fountains,
          serial_co_window_serial, co_window_corner_a,
          co_window_of_opportunity_a, co_window_paths_b, co_window_paths_a,
          co_window_of_opportunity_a, co_window_2corner, co_window_broadway_a,
          co_window_broadway_a, co_window_broadway_c, co_window_corner_b,
          co_window_sun, co_window_paths_d, glass_columns_a

Skill      XL: |  1  2  3 |
---------------+----------+-----
Maces & Flails | 2 3 4 |  4.8
Fighting       | |  2.6
Dodging        | |  1.7
Stealth        | |  4.5

Action                     |  1- 3 |  4- 6 || total
---------------------------+-------+-------++-------
  Melee: Mace              |   118 |    33 ||   151
         Punch             |     2 |       ||     2
         Whip              |    54 |    49 ||   103
         Unarmed           |       |     1 ||     1
   Cast: Foxfire           |       |    11 ||    11
    Use: Scroll            |     1 |     1 ||     2
         Potion            |     2 |       ||     2
   Stab: Sleeping          |    10 |       ||    10
         Distracted        |       |     1 ||     1
 Armour: Leather armour    |    52 |    27 ||    79
  Dodge: Dodged            |   114 |    46 ||   160

Table legend: (Time is in decaauts)
 A = Elapsed time spent in this place.
 B = Non-inter-level travel time spent in this place.
 C = Inter-level travel time spent in this place.
 D = Time resting spent in this place.
 E = Time spent auto-exploring this place.
 F = Levels seen in this place.
 G = Mean time per level.
                   A        B        C        D        E       F      G
               +--------+--------+--------+--------+--------+-----+--------+
         Total |   3121 |   3003 |    118 |    644 |   1411 |   5 |  624.2 |
       Dungeon |   3121 |   3003 |    118 |    644 |   1411 |   5 |  624.2 |
               +--------+--------+--------+--------+--------+-----+--------+

Top non-repeatable levels by time:
     D:2: 1467 daAuts
     D:1: 968 daAuts
     D:3: 426 daAuts
     D:5: 252 daAuts
     D:4: 7 daAuts
